 Dungeon Crawl Stone Soup version 0.27.0-1-g7a089689b8 (webtiles) character file.

Game seed: 12044458844097730688

7052 dtburroughs the Cleaver (level 10, -8/93 HPs)
             Began as a Minotaur Berserker on Aug 4, 2021.
             Was an Elder of Trog.
             Mangled by a sun demon (17 damage)
             ... summoned by a kobold demonologist
             ... on level 9 of the Dungeon.
             The game lasted 00:17:12 (14305 turns).

dtburroughs the Cleaver (Minotaur Berserker)       Turns: 14305, Time: 00:17:13

Health: -8/93      AC: 13    Str: 22    XL:     10   Next: 83%
Magic:  9/9        EV: 11    Int:  7    God:    Trog [****..]
Gold:   589        SH:  5    Dex: 10    Spells: 9/9 levels left

rFire    . . .     SeeInvis +   F - +0 war axe
rCold    + . .     Faith    .   D - +1 buckler of Zoruil Hemusch {rC+}
rNeg     . . .     Spirit   .   k - +0 chain mail
rPois    .         Reflect  .   (helmet restricted)
rElec    .         Harm     .   (no cloak)
rCorr    .         Rampage  .   (no gloves)
Will     .....                  J - +0 pair of boots
Stlth    ..........             (no amulet)
HPRegen  0.25/turn              B - ring of flight
MPRegen  0.11/turn              b - ring of see invisible

@: flying, studying Crossbows
A: horns 2, retaliatory headbutt
a: Renounce Religion, Berserk, Trog's Hand, Brothers in Arms


You were on level 9 of the Dungeon.
You worshipped Trog.
Trog was greatly pleased with you.
You visited 1 branch of the dungeon, and saw 9 of its levels.
You also visited: Ossuary.

You collected 589 gold pieces.

Inventory:

Hand Weapons
 a - a +0 hand axe
 l - a +0 flail
 F - a +0 war axe (weapon)
Missiles
 G - 4 throwing nets (quivered)
Armour
 k - a +0 chain mail (worn)
 D - the +1 buckler of Zoruil Hemusch (worn) {rC+}
   (You found it on level 6 of the Dungeon)

   rC:        It protects you from cold.
 J - a +0 pair of boots (worn)
Jewellery
 b - a ring of see invisible (right hand)
 f - a ring of resist corrosion
 r - a ring of ice
 B - a ring of flight (left hand)
 K - an amulet of magic regeneration
Wands
 n - a wand of acid (3)
 E - a wand of flame (23)
Scrolls
 c - 5 scrolls of identify
 e - 2 scrolls of fog
 j - 2 scrolls of torment {unknown}
 m - a scroll of immolation {unknown}
 s - 5 scrolls of amnesia {unknown}
 u - 2 scrolls of noise {unknown}
 x - 3 scrolls of blinking {unknown}
 y - a scroll of enchant weapon {unknown}
 z - a scroll of holy word {unknown}
 A - a scroll of vulnerability {unknown}
 H - 2 scrolls of enchant armour {unknown}
 L - a scroll of fear {unknown}
 M - 2 scrolls of silence {unknown}
Potions
 d - 2 potions of berserk rage
 g - 8 potions of curing
 h - 2 potions of invisibility {unknown}
 i - a potion of might {unknown}
 o - 2 potions of lignification {unknown}
 p - 3 potions of heal wounds {unknown}
 q - a potion of cancellation {unknown}
 t - 2 potions of degeneration {unknown}
 v - 6 potions of mutation {unknown}
 w - 3 potions of flight {unknown}
 C - 3 potions of attraction {unknown}
 I - 2 potions of resistance {unknown}


   Skills:
 + Level 10.3 Fighting
 + Level 10.3 Axes
 + Level 9.9 Armour
 + Level 9.2 Dodging
 + Level 3.5 Shields
 + Level 2.4 Evocations


You had 9 spell levels left.
You didn't know any spells.
Your spell library was empty.

Dungeon Overview and Level Annotations

Branches:
Dungeon (9/15)             Temple (0/1) D:5         Ossuary (visited)
   Lair: D:8-11         Orc: D:9-12

Altars:
Dithmenos
Elyvilon
Kikubaaqudgha
Qazlal
Trog
Zin

Shops:
D:4 (   D:9 *

Annotations:
D:5 1 runed translucent door, SweetAndFullOfGrace's ghost, novice SpFE
D:7 2 transporters, UncommonGray's ghost, novice GrEE


Innate Abilities, Weirdness & Mutations

You have a pair of horns on your head.
You reflexively headbutt those who attack you in melee.


Message History

You hit the kobold zombie.
The kobold zombie is moderately damaged.
You hit the sun demon.
You hit the kobold zombie but do no damage.
You block the kobold demonologist's attack.
The sun demon hits you!
You are engulfed in flames!!
A kobold zombie comes into view.
The kobold zombie hits you but does no damage.
You block the kobold zombie's attack.
You slash the kobold zombie!
You destroy the kobold zombie!
Trog accepts your kill.
You barely miss the kobold zombie. You hit the sun demon but do no damage.
The sun demon closely misses you.
The kobold demonologist hits you from afar with the +5 trident of Defiance {vorpal, Will+ Dex+2 Stlth+}.
The kobold zombie hits you but does no damage.
A kobold zombie comes into view.
Something hits your black bear!
Your black bear is engulfed in flames!
Your black bear bites the kobold zombie.
Your black bear claws the kobold zombie.
The kobold zombie is destroyed!
Trog accepts your kill. Something hits your black bear!
Your black bear is engulfed in flames!!
Your black bear dies!
Your black bear's corpse disappears in a puff of smoke!
The kobold demonologist casts a spell.
The sun demon hits you.
You are engulfed in flames!
* * * LOW HITPOINT WARNING * * *
The kobold zombie closely misses you. You furiously retaliate!
You headbutt the kobold zombie!
You destroy the kobold zombie!
Trog accepts your kill.
There is an open door, spattered with blood here.
As you read the scroll of fog, it crumbles to dust.
The scroll dissolves into smoke.
The kobold demonologist casts a spell.
The sun demon hits you!
* * * LOW HITPOINT WARNING * * *
You are engulfed in flames!
You die...

..........#.....#...§§§§§§.#....<
..........#######...§§§8§§§#.)...
....................§§§§§.§#.....
.....................§§§§..######
.......#####........§§§.§......##
########..[########............#_
# )[.$## .§§#............## #
÷∩÷ZZ.##§§#..)#+######..# #
÷_Z....#@§#...'......#... #
÷÷Z.4.K34§#...'......#... #
....Z.Z#§.#..##......#... #
....Z..#.)#..#.......##.. #
....Z.##..#..#........#.. # ##
....###.).#..#........#.. #
#.##'''##.#...#..#........#.. #
#..8...8..#)..#..#........#.. #
#.........#)..#>.#........#..


You could see a sun demon (summoned), an ice devil (summoned), a kobold
demonologist, a red devil (summoned), 2 kobold zombies and 2 kobold skeletons.

Vanquished Creatures
  Harold (D:7)
  Pikel (D:7)
  Maggie (D:7)
  An unseen horror (D:7)
  A shadow (D:7)
  A yak (D:8)
  A wyvern (D:7)
  2 steam dragons
  3 water moccasins
  An ice beast (D:6)
  2 sky beasts
  6 centaurs
  4 ogres
  2 phantoms
  3 kobold brigands
  4 bullfrogs
  A gnoll sergeant (D:7)
  11 scorpions
  A water moccasin zombie (D:5)
  A howler monkey (D:9)
  A bullfrog zombie (D:5)
  6 centaur zombies
  4 hounds (D:4)
  A bullfrog skeleton (D:6)
  A human zombie (Ossuary)
  2 jellies
  A gnoll shaman (D:4)
  3 orc priests
  2 centaur skeletons
  4 iguanas
  7 scorpion zombies
  4 orc wizards
  2 killer bee zombies
  2 hound skeletons (D:5)
  4 mummies
  5 gnolls (D:7)
  9 adders
  A shadow imp (D:8)
  2 white imps (D:7)
  2 ufetubi (D:6)
  An adder skeleton (D:4)
  2 worms
  8 dart slugs
  19 orcs
  5 bats
  10 endoplasms
  3 giant cockroaches
  6 goblins
  8 hobgoblins
  6 jackals
  2 quokkas
  6 ball pythons
  3 frilled lizards
  A goblin zombie (Ossuary)
  4 hobgoblin zombies (Ossuary)
  A jackal skeleton (D:4)
  44 kobolds
  3 kobold skeletons (D:9)
  4 kobold zombies (D:9)
  3 orc zombies (Ossuary)
  2 quokka skeletons (D:4)
  7 rats
  3 toadstools (D:1)
262 creatures vanquished.

Vanquished Creatures (collateral kills)
  A hydra (D:9)
  A kobold zombie (D:9)
2 creatures vanquished.

Vanquished Creatures (others)
  A kobold (D:7)
  5 plants (D:5)
  A toadstool (D:1)
7 creatures vanquished.

Grand Total: 271 creatures vanquished

Notes
Turn   | Place    | Note
-------+----------+-------------------------------------------
     0 | D:1      | dtburroughs the Minotaur Berserker began the quest for the
                  | Orb.
     0 | D:1      | Reached XP level 1. HP: 19/19 MP: 0/0
   183 | D:1      | Reached XP level 2. HP: 20/27 MP: 1/1
   863 | D:2      | Reached XP level 3. HP: 21/33 MP: 2/2
  1260 | D:2      | Reached ** piety under Trog
  1779 | D:2      | Reached XP level 4. HP: 27/40 MP: 3/3
  3138 | D:4      | Reached XP level 5. HP: 44/47 MP: 4/4
  3262 | D:4      | Found Qutt's Antique Weapon Shoppe.
  3284 | D:4      | Noticed an ogre
  3295 | D:4      | Killed an ogre
  3296 | D:4      | Reached skill level 5 in Fighting
  3296 | D:4      | Reached skill level 5 in Axes
  3296 | D:4      | Reached XP level 6. HP: 56/56 MP: 5/5
  3317 | D:4      | Found a stormy altar of Qazlal.
  3329 | D:4      | Noticed an air elemental
  3329 | D:4      | Noticed a water elemental
  3329 | D:4      | Noticed a fire elemental
  3517 | D:4      | Reached *** piety under Trog
  3689 | D:4      | Reached skill level 5 in Armour
  3689 | D:4      | Reached XP level 7. HP: 42/62 MP: 6/6
  4628 | D:4      | Reached skill level 5 in Dodging
  5330 | D:5      | Entered Level 5 of the Dungeon
  5742 | D:5      | Found a sand-covered staircase.
  5751 | Ossuary  | Entered an ossuary
  5973 | Ossuary  | Reached XP level 8. HP: 67/71 MP: 7/7
  7812 | D:5      | Reached XP level 9. HP: 59/81 MP: 8/8
  8074 | D:5      | Found a staircase to the Ecumenical Temple.
  8369 | D:5      | Noticed SweetAndFullOfGrace's ghost (novice SpFE)
  8372 | D:5      | Found a runed translucent door.
  8623 | D:6      | Identified the +1 buckler of Zoruil Hemusch {rC+}
  8927 | D:6      | Reached **** piety under Trog
  9908 | D:7      | Noticed Pikel
  9918 | D:7      | Killed Pikel
 10094 | D:7      | Noticed Maggie
 10111 | D:7      | Killed Maggie
 10828 | D:7      | Found a transporter.
 10831 | D:7      | Noticed a moth of wrath
 10832 | D:7      | Noticed UncommonGray's ghost (novice GrEE)
 11235 | D:7      | Reached XP level 10. HP: 82/91 MP: 9/9
 11400 | D:7      | Noticed Harold
 11465 | D:7      | Killed Harold
 11466 | D:7      | Reached skill level 1 in Shields
 11466 | D:7      | Reached skill level 1 in Evocations
 11831 | D:7      | Found a glowing silver altar of Zin.
 11943 | D:7      | Found a transporter.
 12250 | D:8      | Reached skill level 10 in Axes
 12657 | D:8      | Reached skill level 10 in Fighting
 13916 | D:9      | Found a faded altar of an unknown god.
 13916 | D:9      | Found a bloodstained altar of Trog.
 13924 | D:9      | Found a shadowy altar of Dithmenos.
 13926 | D:9      | Found a white marble altar of Elyvilon.
 13928 | D:9      | Found a faded altar of an unknown god.
 13984 | D:9      | Noticed a seven-headed hydra
 13991 | D:9      | Killed a seven-headed hydra
 14166 | D:9      | Found Nigoit's Island Escapes.
 14297 | D:9      | Found an ancient bone altar of Kikubaaqudgha.
 14297 | D:9      | Identified the +5 trident of Defiance {vorpal, Will+ Dex+2
                  | Stlth+}
 14298 | D:9      | Noticed a sun demon
 14305 | D:9      | Mangled by a sun demon

Illustrated notes

Levels and vault maps discovered:
D:1:      ldierk_water_garden, layout_basic
D:2:      layout_basic, serial_rivers, chequers_serial_rivers_marsh,
          chequers_serial_rivers_marsh, chequers_serial_rivers_room_b,
          chequers_serial_rivers_small_b, chequers_serial_rivers_micro_c,
          chequers_serial_rivers_large_b
D:3:      layout_loops_ring
D:4:      kennysheep_slugbush, layout_layer_cave,
          nicolae_qazlal_style_of_elements, serial_shops, nicolae_stop_n_shop_2,
          minivault_19, minmay_fractal_squares_gapless_5
D:5:      layout_rooms, lemuel_temple_firewalk_b, gup_ossuary_entry_pyramid,
          hellmonk_ghost_happy_afterlife, serial_bayou_crossing
D:6:      layout_basic, chequers_serial_rivers_room_b
D:7:      layout_gridville, mainiacjoe_overflow_surrounded_room,
          gammafunk_ghost_berserking_beasts, minmay_misc_feat_hallway,
          minmay_manual_monstrance, uniq_maggie, uniq_pikel, uniq_harold
D:8:      layout_basic, kennysheep_small_square
D:9:      wander_kiku_kobolds, layout_irregular_city,
          chequers_temple_overflow_minitemple, statue_in_the_mist_lemuel,
          nicolae_island_escapes

Skill      XL: |  1  2  3  4  5  6  7  8  9 10 |
---------------+-------------------------------+-----
Fighting       | 4 5 6 7 9 10 | 10.3
Axes           | 4 5 6 7 9 10 | 10.3
Armour         | 3 4 5 6 7 9 |  9.9
Dodging        | 3 4 5 6 8 9 |  9.2
Shields        | 3 |  3.5
Evocations     | 2 |  2.4

Action                   |  1- 3 |  4- 6 |  7- 9 | 10-12 || total
-------------------------+-------+-------+-------+-------++-------
Melee: Hand axe          |    87 |   121 |   357 |       ||   565
       Headbutt          |    13 |    21 |    86 |    37 ||   157
       War axe           |       |       |    36 |   151 ||   187
       Flail             |       |       |       |     2 ||     2
Invok: Trog's Hand       |       |     4 |     5 |     1 ||    10
       Berserk           |       |     1 |     5 |     1 ||     7
       Brothers in Arms  |       |       |       |     2 ||     2
Evoke: Wand              |       |       |       |     5 ||     5
  Use: Scroll            |       |       |     3 |     1 ||     4
Armor: Animal skin       |    21 |    11 |       |       ||    32
       Chain mail        |       |    47 |   204 |   108 ||   359
Dodge: Dodged            |    52 |    57 |   181 |    96 ||   386
Block: Buckler           |       |       |    23 |    68 ||    91
